 Dungeon Crawl Stone Soup version 0.26-a0-26-ge22fd8933b (webtiles) character file.

Game seed: 7499500486482667845, levelgen mode: deterministic

190 DemiGod565 the Cudgeler (level 5, -3/53 HPs)
             Began as a Troll Berserker on May 27, 2020.
             Was a Believer of Trog.
             Slain by an orc
             ... wielding a +0 short sword
              (5 damage)
             ... on level 3 of the Dungeon.
             The game lasted 00:19:14 (2349 turns).

DemiGod565 the Cudgeler (Troll Berserker)           Turns: 2349, Time: 00:19:14

Health: -3/53      AC:  6    Str: 26    XL:     5   Next: 41%
Magic:  4/4        EV: 10    Int:  3    God:    Trog [**....]
Gold:   123        SH:  0    Dex:  9    Spells: 4/4 levels left

rFire    . . .     SeeInvis .   p - +2 mace (vorpal)
rCold    . . .     Gourm    +   (no shield)
rNeg     . . .     Faith    .   b - +0 animal skin
rPois    .         Spirit   .   (helmet restricted)
rElec    .         Reflect  .   (no cloak)
rCorr    .         Harm     .   (gloves unavailable)
MR       .....                  (boots unavailable)
Stlth    +.........             (no amulet)
HPRegen  0.57/turn              (no ring)
MPRegen  0.09/turn              (no ring)

@: no status effects
A: large, unfitting armour, claws 3, fast metabolism 3, gourmand, regeneration
1, shaggy fur 1, tough skin 3
a: Berserk, Trog's Hand, Renounce Religion


You were on level 3 of the Dungeon.
You worshipped Trog.
Trog was pleased with you.
You were completely stuffed.

You visited 1 branch of the dungeon, and saw 4 of its levels.

You collected 123 gold pieces.

Inventory:

Hand Weapons
 a - a +0 mace
 d - a +0 hunting sling
 i - a +4 short sword
 p - a +2 vorpal mace (weapon)
Missiles
 e - 13 bolts
 h - 14 sling bullets
 k - 13 poisoned darts (quivered)
Armour
 b - a +0 animal skin (worn)
 g - a +0 scale mail
 l - a +0 ring mail
Jewellery
 v - a +6 ring of strength {unknown}
Scrolls
 u - a scroll of teleportation
 w - a scroll of enchant weapon {unknown}
 x - a scroll of identify
 y - a scroll of immolation {unknown}
Potions
 f - a potion of flight
 j - 3 potions of magic
 m - a potion of degeneration {unknown}
 n - 3 potions of curing {unknown}
 o - a potion of might {unknown}
 r - a potion of heal wounds {unknown}
 s - a potion of invisibility {unknown}
 t - a potion of mutation {unknown}
Comestibles
 c - 9 rations
 q - 4 chunks of flesh


   Skills:
 + Level 3.0 Fighting
 + Level 4.4 Maces & Flails
 + Level 0.1 Throwing
 + Level 3.1 Dodging
 + Level 0.7 Stealth


You had 4 spell levels left.
You didn't know any spells.
Your spell library was empty.

Dungeon Overview and Level Annotations

Branches:
Dungeon (4/15)
 Temple: D:4-7

Altars:
Dithmenos
Elyvilon
Sif Muna
Uskayaw
Vehumet
Zin


Innate Abilities, Weirdness & Mutations

You are too large for most types of armour.
You have claws for hands.
Your metabolism is lightning-fast.
You like to eat raw meat.
Your natural rate of healing is unusually fast.
You are covered in fur. (AC +1)
You have extremely tough skin. (AC +3)


Message History

The hound bites you but does no damage.
You climb downwards.
An orc comes into view. It is wielding a +0 club.
There is a stone staircase leading up here.
You can't go down here!
The hound bites you but does no damage. The orc hits you with a +0 short sword.
* * * LOW HITPOINT WARNING * * *
The orc priest invokes the aid of Beogh against you.
Pain shoots through your body!
* * * LOW HITPOINT WARNING * * *
The orc wizard casts a spell at you. The magic dart hits you!
* * * LOW HITPOINT WARNING * * *
The hound bites you but does no damage.
You climb upwards.
There is a stone staircase leading down here.
You sock the hound!
The hound is severely wounded.
The orc hits you with a +0 short sword.
You die...

........###.....## #.#
..............### #.#
.....###......#######.##
....## #..#<......<....#
....#
##.#....######.#.##
....###...)##..##
#....##
#####......###..#
###...# ##.....###.#
#.o#### ###.# #....###
#.# #.#@h.# ### ...###
#.###.###.# ...#
#...##.##.# .###
#####.###.# .# #.## #.#
## #########_###.##
######.......##.##..#
.....).#######.####.#
######## #.##....#


You could see a hound and an orc.

Vanquished Creatures
  An orc wizard (D:3)
  10 adders
  An ooze (D:2)
  2 worms (D:2)
  A dart slug (D:3)
  2 leopard geckos (D:2)
  3 orcs (D:3)
  8 giant cockroaches
  3 goblins
  5 hobgoblins
  4 jackals (D:3)
  A quokka (D:2)
  4 bats
  6 frilled lizards
  9 kobolds
  4 rats
64 creatures vanquished.

Notes
Turn   | Place    | Note
-------+----------+-------------------------------------------
     0 | D:1      | DemiGod565 the Troll Berserker began the quest for the Orb.
     0 | D:1      | Reached XP level 1. HP: 22/22 MP: 0/0
   331 | D:1      | Reached XP level 2. HP: 29/29 MP: 1/1
   374 | D:1      | Reached skill level 3 in Maces & Flails
  1105 | D:2      | Reached XP level 3. HP: 30/36 MP: 2/2
  1332 | D:2      | Reached ** piety under Trog
  1373 | D:2      | Reached XP level 4. HP: 44/44 MP: 3/3
  1848 | D:3      | Found a faded altar of an unknown god.
  1986 | D:3      | Reached skill level 4 in Maces & Flails
  2006 | D:3      | Reached XP level 5. HP: 39/53 MP: 4/4
  2122 | D:3      | Found a shimmering blue altar of Sif Muna.
  2131 | D:3      | Found a glowing silver altar of Zin.
  2138 | D:3      | Found a white marble altar of Elyvilon.
  2138 | D:3      | Found a shadowy altar of Dithmenos.
  2144 | D:3      | Found a hide-covered altar of Uskayaw.
  2146 | D:3      | Found a radiant altar of Vehumet.
  2347 | D:4      | HP: 1/53 [orc wizard/magic dart (7)]
  2349 | D:3      | Slain by an orc

Illustrated notes

Levels and vault maps discovered:
D:1:      zelgadis_glass_arrival_small, layout_loops_ring, nrook_loot_triangle
D:2:      layout_basic
D:3:      layout_rooms, grunt_temple_overflow_open,
          chequers_ecumenical_altar_twisty
D:4:      cheibrodos_quashed, layout_basic, minmay_temple_entry_statues,
          xom_redecorated

Skill      XL: |  1  2  3  4 |
---------------+-------------+-----
Maces & Flails | 3 4 |  4.4
Dodging        | 3 |  3.1
Fighting       | 3 |  3.0
Throwing       | |  0.1
Stealth        | |  0.7

Action                   |  1- 3 |  4- 6 || total
-------------------------+-------+-------++-------
Melee: Mace              |    87 |   110 ||   197
Throw: Dart              |     3 |       ||     3
Invok: Berserk           |     1 |       ||     1
  Use: Scroll            |     4 |       ||     4
 Stab: Sleeping          |     1 |       ||     1
  Eat: Chunk             |    16 |     9 ||    25
       Ration            |     1 |       ||     1
Armor: Animal skin       |    49 |    48 ||    97
Dodge: Dodged            |    42 |    61 ||   103

Table legend:
 A = Non-vault XP
 B = Vault XP
 C = Vault XP percentage of total XP
 D = Non-vault monster count
 E = Vault monster count
 F = Vault count percentage of total count
                 A         B        C        D         E       F
            +---------+---------+-------+---------+---------+-------
      Total |     272 |       0 |   0.0 |      64 |       0 |   0.0
            +---------+---------+-------+---------+---------+-------
        D:1 |      28 |       0 |   0.0 |      18 |       0 |   0.0
        D:2 |     121 |       0 |   0.0 |      23 |       0 |   0.0
        D:3 |     123 |       0 |   0.0 |      23 |       0 |   0.0
            +---------+---------+-------+---------+---------+-------
